 Dungeon Crawl Stone Soup version 0.23-a0-307-gc3b755d (webtiles) character file.

497 iamserjio the Gusty (level 7, -4/41 HPs)
             Began as a Tengu Air Elementalist on Oct 10, 2018.
             Slain by a phantom (9 damage)
             ... on level 5 of the Dungeon.
             The game lasted 00:12:05 (1836 turns).

iamserjio the Gusty (Tengu Air Elementalist)        Turns: 1836, Time: 00:12:06

Health: -4/41      AC:  2    Str:  8    XL:     7   Next: 15%
Magic:  7/11       EV: 13    Int: 17    God:
Gold:   201        SH:  0    Dex: 15    Spells: 2/10 levels left

rFire    . . .     SeeInvis .   b - +0 short sword (venom)
rCold    . . .     Gourm    .   (no shield)
rNeg     . . .     Faith    .   a - +0 robe
rPois    .         Spirit   .   (helmet restricted)
rElec    .         Reflect  .   (no cloak)
rCorr    .         Harm     .   (no gloves)
MR       .....                  (boots unavailable)
Stlth    ++........             (no amulet)
HPRegen  0.13/turn              (no ring)
MPRegen  0.12/turn              (no ring)

@: no status effects
A: beak, talons 3, able to fly 1
a: Fly


You were on level 5 of the Dungeon.
You were hungry.

You visited 1 branch of the dungeon, and saw 5 of its levels.

You collected 201 gold pieces.

Inventory:

Hand Weapons
 b - a +0 short sword of venom (weapon)
 i - a +0 quarterstaff
 j - a +0 blowgun
 q - a +0 dagger of venom
Missiles
 h - 4 curare-tipped needles {!f}
Armour
 a - a +0 robe (worn)
 m - a +0 ring mail
Scrolls
 d - 2 scrolls of enchant weapon {unknown}
 e - a scroll of teleportation {unknown}
 f - 2 scrolls of remove curse {unknown}
 g - 4 scrolls of blinking {unknown}
 k - 2 scrolls of magic mapping {unknown}
 l - a scroll of fog {unknown}
 n - 2 scrolls of identify {unknown}
 o - a scroll of noise {unknown}
 u - a scroll of enchant armour {unknown}
Potions
 p - a potion of degeneration {unknown}
 s - 2 potions of mutation {unknown}
 t - a potion of cancellation {unknown}
 v - a potion of might {unknown}
Comestibles
 c - 7 rations
 r - 2 chunks of flesh


   Skills:
 + Level 3.2 Fighting
 - Level 2.1 Dodging
 - Level 2.0 Stealth
 * Level 5.1 Unarmed Combat
 - Level 2.0 Spellcasting
 - Level 2.0 Conjurations
 - Level 1.4 Necromancy
 + Level 6.1 Air Magic


You had 2 spell levels left.
You knew the following spells:

 Your Spells              Type           Power        Failure   Level  Hunger
a - Shock                 Conj/Air       ###.         3%          1    #......
b - Animate Skeleton      Necr           N/A          11%         1    #......
c - Confusing Touch       Hex            #.....       19%         1    #......
d - Airstrike             Air            ###.......   16%         4    #####..
e - Summon Small Mammal   Summ           #...         19%         1    #......

Your spell library contained the following spells:

 Spells                   Type           Power        Failure   Level  Hunger
 Swiftness                Chrm/Air       ##......     9%          2    ###....
 Apportation              Tloc           #.....       19%         1    #......
 Static Discharge         Conj/Air       ###.....     11%         3    ###....
 Lightning Bolt           Conj/Air       ###.......   71%         5    ######.


Dungeon Overview and Level Annotations

Branches:
Dungeon (5/15)
 Temple: D:4-7

Altars:
Gozag
Sif Muna


Innate Abilities, Weirdness & Mutations

You have a beak for a mouth.
You have claws for feet.
You can fly.


Message History

A scorpion comes into view.
You hear a shout! x2
You closely miss the gnoll. You claw the gnoll. Your peck misses the gnoll.
You kill the gnoll!
The gnoll hits you with a flail!
* * * LOW HITPOINT WARNING * * *
You closely miss the gnoll. You claw the gnoll. You punch the gnoll.
The gnoll closely misses you.
You closely miss the gnoll. Your peck misses the gnoll.
The gnoll closely misses you.
You hit the gnoll.
The gnoll is poisoned.
Your kick misses the gnoll.
The phantom blinks!
You closely miss the gnoll. You peck the gnoll.
The gnoll hits you with a flail.
* * * LOW HITPOINT WARNING * * *
The phantom blinks!
You hit the phantom. Your kick misses the phantom. You peck the phantom.
A worker ant zombie comes into view.
The gnoll barely misses you. The phantom hits you!
You die...

#.........######
#.#######.# #.#
##.## #.W.#
#...# ###.#
#§######
#...W@.#
#.####g§....Z
.... s.###..
g...... ....
...g...... ..##.
####...####..#
.# #.... ..# .
#g..# #..


You could see a phantom, a scorpion, a gnoll and a worker ant zombie.

Vanquished Creatures
  A black bear (D:5)
  An ogre (D:2)
  A bullfrog (D:3)
  An iguana (D:4)
  Natasha (twice) (D:4)
  2 worker ants
  2 gnolls (D:5)
  3 adders (D:4)
  An ooze (D:3)
  4 worms
  An adder skeleton (D:4)
  2 dart slugs
  2 leopard geckos
  An orc (D:3)
  4 bats
  A giant cockroach (D:3)
  6 goblins
  7 hobgoblins
  12 jackals
  A quokka (D:2)
  A ball python (D:3)
  A ball python skeleton (D:5)
  A frilled lizard (D:1)
  4 kobolds
  7 rats
69 creatures vanquished.

Notes
Turn   | Place    | Note
-------+----------+-------------------------------------------
     0 | D:1      | iamserjio the Tengu Air Elementalist began the quest for
                  | the Orb.
     0 | D:1      | Reached XP level 1. HP: 10/10 MP: 4/4
    96 | D:1      | Reached XP level 2. HP: 16/16 MP: 0/6
   104 | D:1      | Reached skill level 1 in Unarmed Combat
   358 | D:2      | Noticed an ogre
   359 | D:2      | Reached XP level 3. HP: 18/20 MP: 7/7
   363 | D:2      | Reached skill level 1 in Fighting
   382 | D:2      | Killed an ogre
   382 | D:2      | Reached XP level 4. HP: 24/26 MP: 5/8
   398 | D:2      | Learned a level 1 spell: Animate Skeleton
   400 | D:2      | Learned a level 1 spell: Confusing Touch
   492 | D:2      | Reached skill level 5 in Air Magic
   492 | D:2      | Gained mutation: You can fly. [Tengu growth]
   492 | D:2      | Reached XP level 5. HP: 30/30 MP: 7/9
   655 | D:3      | Learned a level 4 spell: Airstrike
   657 | D:3      | Learned a level 1 spell: Summon Small Mammal
   889 | D:3      | Found an opulent altar of Gozag.
   959 | D:3      | Reached skill level 1 in Necromancy
   959 | D:3      | Reached XP level 6. HP: 18/36 MP: 6/10
  1512 | D:4      | Noticed Natasha
  1516 | D:4      | Killed Natasha
  1663 | D:4      | Noticed Natasha
  1666 | D:4      | Killed Natasha
  1700 | D:4      | Found a deep blue altar of Sif Muna.
  1738 | D:5      | Entered Level 5 of the Dungeon
  1738 | D:5      | Noticed a black bear
  1751 | D:5      | Killed a black bear
  1751 | D:5      | Reached skill level 5 in Unarmed Combat
  1751 | D:5      | Reached skill level 6 in Air Magic
  1751 | D:5      | Reached XP level 7. HP: 9/41 MP: 0/11
  1836 | D:5      | Slain by a phantom

Vault maps used:
D:1:      lightli_arrival_noodles, minmay_pentomino_x2
D:2:      yredelemnul_forgotten_temple_becter
D:3:      nicolae_gozag_cash_rules_everything_around_me, first_ration
D:4:      kennysheep_mini, uniq_natasha
D:5:      cheibrodos_thug_alley, lemuel_temple_firewalk_a, uniq_eustachio

Skill      XL: |  1  2  3  4  5  6 |
---------------+-------------------+-----
Unarmed Combat | 1 3 5 |  5.1
Conjurations   | 2 |  2.0
Fighting       | 1 2 3 |  3.2
Air Magic      | 5 6 |  6.1
Necromancy     | 1 |  1.4
Dodging        | |  2.1
Stealth        | |  2.0
Spellcasting   | |  2.0

Action                   |  1- 3 |  4- 6 |  7- 9 || total
-------------------------+-------+-------+-------++-------
Melee: Unarmed           |     9 |       |       ||     9
       Kick              |     8 |    24 |     5 ||    37
       Short sword       |    32 |    71 |    12 ||   115
       Peck              |     5 |     8 |     4 ||    17
       Punch             |       |       |     1 ||     1
 Cast: Shock             |    14 |    38 |     3 ||    55
       Airstrike         |       |     8 |     1 ||     9
       Confusing Touch   |       |     1 |       ||     1
  Use: Potion            |       |     2 |       ||     2
 Stab: Sleeping          |     5 |     1 |       ||     6
  Eat: Chunk             |       |     6 |       ||     6
Armor: Robe              |    10 |    12 |     1 ||    23
Dodge: Dodged            |    40 |    66 |     5 ||   111

Table legend:
 A = Non-vault XP
 B = Vault XP
 C = Vault XP percentage of total XP
 D = Non-vault monster count
 E = Vault monster count
 F = Vault count percentage of total count
                 A         B        C        D         E       F
            +---------+---------+-------+---------+---------+-------
      Total |     675 |      35 |   4.9 |      68 |       1 |   1.4
            +---------+---------+-------+---------+---------+-------
        D:1 |      28 |       0 |   0.0 |      16 |       0 |   0.0
        D:2 |     141 |       0 |   0.0 |      15 |       0 |   0.0
        D:3 |     186 |       0 |   0.0 |      24 |       0 |   0.0
        D:4 |     158 |      35 |  18.1 |       9 |       1 |  10.0
        D:5 |     162 |       0 |   0.0 |       4 |       0 |   0.0
            +---------+---------+-------+---------+---------+-------
